 Dungeon Crawl Stone Soup version 0.21.1-1-g345015fe64 (webtiles) character file.

70495 DildoBatman the Bewitcher (level 15, -6/113 HPs)
             Began as a Formicid Enchanter on Mar 22, 2018.
             Was a High Priest of Sif Muna.
             Mangled by a seven-headed hydra (10 damage)
             ... on level 5 of the Lair of Beasts.
             The game lasted 02:26:27 (29102 turns).

DildoBatman the Bewitcher (Formicid Enchanter)     Turns: 29102, Time: 02:26:28

Health: -6/113     AC: 11    Str: 18    XL:     15   Next: 78%
Magic:  30/31      EV: 14    Int: 21    God:    Sif Muna [*****.]
Gold:   1331       SH:  6    Dex: 11    Spells: 18/38 levels left

rFire    . . .     SeeInvis +   b - +4 scythe (flame)
rCold    . . .     Gourm    .   E - +0 buckler
rNeg     . . .     Faith    .   o - +0 troll leather armour
rPois    .         Spirit   .   (helmet unavailable)
rElec    .         Reflect  .   D - +0 cloak
rCorr    .         Harm     .   k - +0 pair of gloves
MR       +....                  s - +0 pair of boots
Stlth    ++++......             (no amulet)
HPRegen  0.68/turn              i - +5 ring of intelligence
MPRegen  0.22/turn              Z - +2 ring of protection

@: no status effects
A: permanent stasis, dig shafts and tunnels, four strong arms, antennae 3
a: Dig, Shaft Self, Divine Energy, Channel Magic, Forget Spell, Renounce
Religion


You were on level 5 of the Lair of Beasts.
You worshipped Sif Muna.
Sif Muna was extremely pleased with you.
You were not hungry.

You visited 3 branches of the dungeon, and saw 22 of its levels.
You visited the Abyss 1 time.
You also visited: Labyrinth.

You collected 1803 gold pieces.
You spent 472 gold pieces at shops.

Inventory:

Hand Weapons
 a - the +7 great sword of Fist {elec, rF+ rC+ rN+ Str-4}
   (You bought it in a shop on level 8 of the Dungeon)

   Occasionally, upon striking a foe, it will discharge some electrical energy
   and cause terrible harm.
   It affects your strength (-4).
   It protects you from fire.
   It protects you from cold.
   It protects you from negative energy.
 b - a +4 scythe of flaming (weapon)
 c - a +2 dagger of draining
 d - a +0 shortbow of flaming
 t - a cursed +4 scimitar
 F - a +0 mace of holy wrath
 M - a +3 war axe of chopping
Missiles
 j - 633 arrows
 m - 194 stones (quivered)
 n - 5 curare-tipped needles
 u - 69 sling bullets
 B - 35 bolts
Armour
 k - a +0 pair of gloves (worn)
 o - a +0 troll leather armour (worn)
 p - the +2 scale mail "Zoraalig" {rC++ rCorr Dex+4 Stlth-}
   (You took it off a wight on level 9 of the Dungeon)

   It affects your dexterity (+4).
   It greatly protects you from cold.
   It protects you from acid and corrosion.
   It makes you less stealthy.
 s - a +0 pair of boots (worn)
 w - a +1 robe of magic resistance
 y - a +0 plate armour of cold resistance
 D - a +0 cloak (worn)
 E - a +0 buckler (worn)
 K - +0 acid dragon scales
Jewellery
 i - a +5 ring of intelligence (left hand)
 r - the ring "Jov Pizinu" {rF+ Str+9 Stlth+}
   (You took it off a meliai on level 13 of the Dungeon)

   [ring of stealth]

   It affects your strength (+9).
   It protects you from fire.
   It makes you more stealthy.
 C - an uncursed ring of ice
 H - an uncursed ring of flight
 I - a +3 ring of evasion
 P - an uncursed ring of poison resistance
 R - a +3 ring of intelligence
 Z - a +2 ring of protection (right hand)
Wands
 q - a wand of disintegration (19)
Scrolls
 e - a scroll of magic mapping
 g - a scroll of blinking {unknown}
 x - 12 scrolls of remove curse
 z - 18 scrolls of identify
 A - a scroll of enchant armour
 O - a scroll of amnesia
 S - a scroll of fear
Potions
 f - a potion of might {unknown}
 l - a potion of heal wounds {unknown}
 G - 2 potions of brilliance {unknown}
 N - a potion of flight
 Q - 13 potions of curing
Books
 J - a book of the Warp

   Spells                             Type                      Level
   a - Gell's Gravitas                Translocation                3
   b - Portal Projectile              Hexes/Translocation          3
   c - Force Lance                    Conjuration/Translocation    4
   d - Dispersal                      Translocation                6
   e - Controlled Blink               Translocation                8
   f - Disjunction                    Translocation                8
 L - a book of Necromancy

   Spells                             Type                      Level
   a - Pain                           Necromancy                   1
   b - Animate Skeleton               Necromancy                   1
   c - Vampiric Draining              Necromancy                   3
   d - Regeneration                   Charms/Necromancy            3
   e - Animate Dead                   Necromancy                   4
   f - Borgnjor's Vile Clutch         Necromancy/Earth             5
Miscellaneous
 h - a lightning rod (4/4)
Comestibles
 v - 43 rations
 T - 3 chunks of flesh


   Skills:
 - Level 9.0 Fighting
 - Level 1.0 Short Blades
 - Level 8.0 Armour
 - Level 6.0 Dodging
 - Level 9.0 Stealth
 * Level 8.9 Shields
 - Level 12.0 Spellcasting
 - Level 18.0 Hexes
 - Level 5.0 Summonings
 - Level 6.0 Air Magic
 - Level 3.0 Evocations


You had 18 spell levels left.
You knew the following spells:

 Your Spells              Type           Power        Failure   Level  Hunger
a - Corona                Hex            ######.      0%          1    None
b - Confuse               Hex            ######..     0%          3    None
f - Summon Mana Viper     Hex/Summ       ######..     1%          5    ####...
i - Invisibility          Hex            ######..     1%          6    #####..
j - Silence               Hex/Air        ######....   1%          5    ####...


Dungeon Overview and Level Annotations

Branches:
Dungeon (15/15)            Temple (1/1) D:4            Lair (6/6) D:11
 Shoals (0/4) Lair:2       Spider (0/4) Lair:3        Slime (0/5) Lair:5
    Orc (0/2) D:10         Vaults (0/5) D:13         Depths (0/5) D:15

Altars:
Ashenzari
Cheibriados
Dithmenos
Elyvilon
Fedhas
Gozag
Hepliaklqana
Kikubaaqudgha
Makhleb
Nemelex Xobeh
Okawaru
Qazlal
Ru
Sif Muna
Trog
Uskayaw
Vehumet
Wu Jian
Xom
Yredelemnul
Zin
The Shining One

Shops:
D:4 *   D:8 (   D:15 [%(!

Annotations:
D:15 exclusion: catoblepas, Louise
Abyss:1 Gastronok


Innate Abilities, Weirdness & Mutations

You cannot be hasted, slowed, berserked, paralysed or teleported.
You can dig through walls and to a lower floor.
Your four strong arms can wield two-handed weapons with a shield.
You have a pair of large antennae on your head. (SInv)


Message History

The seven-headed hydra bites you!
You feel clever.
i - a +5 ring of intelligence (left hand)
Casting: Confuse
Confirm with . or Enter, or press ? or * to list all spells.
Aiming: Confuse
Press: ? - help, Shift-Dir - straight line, f - seven-headed hydra
Aim: a seven-headed hydra (chance to defeat MR: 49%)
The seven-headed hydra resists with some effort.
The seven-headed hydra bites you but does no damage.
The seven-headed hydra bites you! x3
The seven-headed hydra barely misses you.
The seven-headed hydra misses you.
You block the seven-headed hydra's attack.
The seven-headed hydra bites you!
You block the seven-headed hydra's attack.
The seven-headed hydra closely misses you.
The seven-headed hydra bites you. The seven-headed hydra bites you!
You die...

#.♣≈PP........P##'#.###.....###.
#♣≈≈P.............P...##+#.####.
♣≈≈≈......................###..
♣P≈≈≈..........###PP.#..####...
#PPP...........#####.##.# ##..
##≈≈≈..........P## #..### ##.
##≈≈≈#...........# #### ##.
#≈###≈#.......D.## #.. ###
##.#......@.## #.. ###........P#
##. #.####....######### ##.. ###
##...........####...
##...........##.....
##...................
##....................
#..................... ###
####..............##.#..


You could see a seven-headed hydra.

Vanquished Creatures
  The ghost of ohados the Grappler, a journeyman TrMo of Okawaru (D:13)
  A minotaur (Lab)
  An ice dragon (D:15)
  A vault guard (D:13)
  6 hydras
  A catoblepas (Lair:2)
  3 centaur warriors
  6 two-headed ogres
  A death yak (Lair:5)
  The ghost of humperndinck the Tainter, a novice DrVM of Sif Muna (Lair:1)
  Sonja (D:13)
  2 unseen horrors
  An orc knight (D:15)
  Pikel (D:8)
  4 oklob plants (Lair:5)
  2 deep elf magi
  9 ugly things
  The ghost of Blank the Spear-Bearer, a novice MfSk (D:5)
  3 manticores
  2 cyclopes
  The ghost of kikoshima the Skirmisher, a novice MiFi of Trog (D:4)
  A centaur zombie (D:14)
  2 rust devils (D:7)
  Psyche (D:8)
  12 elephants (Lair:5)
  2 gargoyles
  A torpor snail (Lair:5)
  3 komodo dragons
  An ice statue (D:9)
  6 spiny frogs
  3 centaur skeletons
  A rime drake (Lair:5)
  2 freezing wraiths (D:15)
  A queen bee (Lair:2)
  6 trolls
  5 meliai
  A minotaur skeleton (Lab)
  Prince Ribbit (D:4)
  A hornet (D:4)
  30 blink frogs
  A slime creature (D:13)
  3 dream sheep
  9 hippogriffs
  Sigmund (D:2)
  A centaur simulacrum (D:14)
  A wraith (D:12)
  40 yaks
  Eustachio (D:6)
  A spriggan (shapeshifter) (D:14)
  5 shadows
  3 vampires
  4 hungry ghosts
  8 basilisks
  7 wyverns
  A steam dragon (D:11)
  Menkaure (D:7)
  3 acid dragons
  3 soldier ants
  8 water moccasins
  4 slaves
  10 porcupines
  2 hornet zombies
  11 orc warriors
  A sky beast (D:13)
  2 eyes of draining
  3 phantoms
  2 black bears
  5 ice beasts
  6 wolves
  An ogre (D:4)
  13 centaurs
  7 crocodiles
  4 big kobolds
  Blork the orc (D:5)
  A gnoll sergeant (D:12)
  18 bullfrogs
  3 wyvern skeletons
  4 scorpions
  29 killer bees
  12 wights
  7 howler monkeys
  2 bullfrog zombies
  8 crimson imps
  2 quasits
  7 jellies
  2 bullfrog skeletons
  5 orc priests
  9 hounds
  4 iguanas
  9 orc wizards
  3 worker ants
  A killer bee zombie (D:9)
  A worker ant zombie (D:11)
  Robin (D:2)
  17 gnolls
  11 adders
  3 shadow imps
  6 oozes
  2 adder skeletons (D:5)
  3 worms
  4 dart slugs
  3 leopard geckos
  43 orcs
  3 ball pythons
  7 giant cockroaches
  15 goblins
  16 hobgoblins
  8 jackals
  12 kobolds
  2 quokkas
  12 bats
  6 frilled lizards
  A leopard gecko zombie (D:5)
  A quokka skeleton (D:7)
  6 rats
  A fungus (D:4)
  A plant (Lair:4)
613 creatures vanquished.

Vanquished Creatures (collateral kills)
  An elephant (Lair:5)
  A meliai (D:13)
  A spriggan (Lair:4)
3 creatures vanquished.

Vanquished Creatures (others)
  2 spiny frogs
  A blink frog (Lair:4)
  A yak (Lair:4)
  A killer bee (Lair:2)
  13 fungi
  11 plants
29 creatures vanquished.

Grand Total: 645 creatures vanquished

Notes
Turn   | Place    | Note
-------+----------+-------------------------------------------
     0 | D:1      | DildoBatman the Formicid Enchanter began the quest for the Orb.
     0 | D:1      | Reached XP level 1. HP: 13/13 MP: 3/3
    84 | D:1      | Reached skill level 1 in Fighting
   153 | D:1      | Reached XP level 2. HP: 9/21 MP: 5/5
   535 | D:1      | Reached XP level 3. HP: 27/28 MP: 6/6
   550 | D:1      | Learned a level 3 spell: Confuse
  1382 | D:1      | Reached XP level 4. HP: 29/35 MP: 7/7
  1466 | D:1      | Reached skill level 1 in Armour
  1741 | D:2      | Noticed Sigmund
  1774 | D:1      | HP: 1/35 [poisoned by an adder]
  2210 | D:2      | Noticed Robin
  2216 | D:2      | Reached XP level 5. HP: 41/41 MP: 8/8
  2224 | D:2      | Killed Robin
  3020 | D:3      | Found a stormy altar of Qazlal.
  3071 | D:4      | Reached XP level 6. HP: 48/48 MP: 9/9
  3096 | D:4      | Noticed kikoshima's ghost (novice MiFi)
  3118 | D:4      | Found a staircase to the Ecumenical Temple.
  3127 | Temple   | Entered the Ecumenical Temple
  3220 | Temple   | Became a worshipper of Sif Muna the Loreminder
  3334 | D:4      | Found a glowing golden altar of the Shining One.
  3540 | D:4      | Found Neockol's General Store.
  3547 | D:4      | Bought a potion of curing for 33 gold pieces
  3547 | D:4      | Bought a scroll of remove curse for 33 gold pieces
  3655 | D:4      | Reached skill level 5 in Fighting
  3655 | D:4      | Reached XP level 7. HP: 39/56 MP: 10/10
  3699 | D:4      | Found an opulent altar of Gozag.
  3704 | D:4      | Found a burning altar of Makhleb.
  3766 | D:5      | Entered Level 5 of the Dungeon
  3766 | D:5      | Found a shadowy altar of Dithmenos.
  3766 | D:5      | Noticed Prince Ribbit
  3766 | D:5      | Noticed a hornet
  3839 | D:4      | Killed a hornet
  3839 | D:4      | Reached skill level 4 in Hexes
  3850 | D:4      | HP: 2/56 [poisoned by a hornet]
  3858 | D:4      | HP: 2/56 [poisoned by a hornet]
  4186 | D:5      | Noticed Blork the orc
  4202 | D:5      | Killed Blork the orc
  4202 | D:5      | Reached XP level 8. HP: 39/64 MP: 12/12
  4293 | D:5      | Noticed Blank's ghost (novice MfSk)
  4325 | D:5      | Found a white marble altar of Elyvilon.
  4541 | D:4      | HP: 3/64 [Prince Ribbit (5)]
  5199 | D:5      | Reached skill level 5 in Stealth
  5370 | D:5      | Reached skill level 5 in Armour
  5395 | D:5      | Reached skill level 5 in Hexes
  5422 | D:5      | Reached * piety under Sif Muna
  5484 | D:5      | Found a blossoming altar of Fedhas.
  5636 | D:5      | Reached skill level 6 in Hexes
  5826 | D:6      | Found a sparkling altar of Nemelex Xobeh.
  5842 | D:6      | Reached skill level 7 in Hexes
  6037 | D:6      | Reached XP level 9. HP: 44/69 MP: 11/13
  6045 | D:6      | Reached skill level 8 in Hexes
  6312 | D:6      | Reached ** piety under Sif Muna
  6684 | D:6      | Noticed Eustachio
  6919 | D:6      | Killed Eustachio
  7035 | D:6      | Noticed a rust devil
  7035 | D:6      | Noticed a rust devil
  7154 | D:7      | Noticed Menkaure
  7169 | D:7      | Killed Menkaure
  7197 | D:7      | Noticed a two-headed ogre
  7235 | D:7      | Killed a two-headed ogre
  7235 | D:7      | Reached XP level 10. HP: 77/77 MP: 11/16
  7467 | D:7      | Reached skill level 9 in Hexes
  7912 | D:8      | Found Hidwov's Antique Weapon Boutique.
  7992 | D:8      | Reached skill level 10 in Hexes
  8221 | D:8      | Reached *** piety under Sif Muna
  8221 | D:8      | Reached skill level 5 in Spellcasting
  8306 | D:8      | Reached skill level 11 in Hexes
  8570 | D:8      | Noticed Psyche
  8599 | D:8      | Killed Psyche
  8663 | D:8      | Noticed a three-headed hydra
  8696 | D:8      | Killed a one-headed hydra
  8696 | D:8      | Reached skill level 12 in Hexes
  8773 | D:8      | Reached XP level 11. HP: 84/84 MP: 13/18
  9278 | D:9      | Noticed Pikel
  9371 | D:8      | Reached **** piety under Sif Muna
  9386 | D:8      | Killed Pikel
  9386 | D:8      | Reached skill level 13 in Hexes
  9945 | D:9      | Reached skill level 14 in Hexes
 10158 | D:9      | Found an iron altar of Okawaru.
 10377 | D:9      | Got a transparent scale mail
 10429 | D:9      | Identified the +2 scale mail "Zoraalig" {rC++ rCorr Dex+4 Stlth-} (You took it off a wight on level 9 of the Dungeon)
 10908 | D:10     | Entered Level 10 of the Dungeon
 11080 | D:10     | Found a staircase to the Orcish Mines.
 11661 | D:10     | Found a snail-covered altar of Cheibriados.
 11829 | D:10     | Noticed an unseen horror
 11866 | D:10     | Killed an unseen horror
 12158 | D:10     | Reached ***** piety under Sif Muna
 12524 | D:11     | Noticed a cyclops
 12538 | D:11     | Killed a cyclops
 12538 | D:11     | Reached XP level 12. HP: 92/92 MP: 14/22
 12639 | D:11     | Reached skill level 5 in Dodging
 12652 | D:11     | Found a staircase to the Lair.
 13596 | D:11     | Received a gift from Sif Muna
 13614 | D:11     | Learned a level 5 spell: Silence
 13766 | D:11     | Found a hide-covered altar of Uskayaw.
 13988 | D:11     | Noticed a two-headed ogre
 14033 | D:11     | Killed a two-headed ogre
 14033 | D:11     | Reached skill level 1 in Air Magic
 14603 | D:12     | Reached skill level 15 in Hexes
 15013 | D:12     | Got a brightly glowing hand axe
 15014 | D:12     | Identified the +5 hand axe of Moyseimm {antimagic, *Noise +Rage rF+} (You found it on level 12 of the Dungeon)
 15430 | D:8      | Bought an iridescent great sword for 310 gold pieces
 15431 | D:8      | Identified the +7 great sword of Fist {elec, rF+ rC+ rN+ Str-4} (You bought it in a shop on level 8 of the Dungeon)
 15872 | D:5      | Killed Blank's ghost
 15998 | D:4      | Killed kikoshima's ghost
 16135 | D:4      | Killed Prince Ribbit
 16189 | D:2      | Killed Sigmund
 16745 | D:13     | Noticed a two-headed ogre
 16748 | D:13     | Noticed ohados's ghost (journeyman TrMo)
 16758 | D:13     | Killed a two-headed ogre
 16758 | D:13     | Reached skill level 16 in Hexes
 16932 | D:13     | Reached skill level 5 in Air Magic
 16943 | D:13     | Noticed Sonja
 16960 | D:13     | Cast into level 2 of the Abyss (Sonja)
 16967 | D:13     | Escaped the Abyss
 16972 | D:13     | Killed Sonja
 16972 | D:13     | Reached XP level 13. HP: 98/98 MP: 20/23
 17090 | D:13     | Noticed a centaur warrior
 17098 | D:13     | Killed a centaur warrior
 17098 | D:13     | Identified Sif Muna's Collected Works on Snow and Feathers (Sif Muna gifted it to you on level 13 of the Dungeon)
 17098 | D:13     | Received a gift from Sif Muna
 17320 | D:13     | Noticed a centaur warrior
 17335 | D:13     | Killed a centaur warrior
 17498 | D:13     | Killed ohados's ghost
 17543 | D:13     | Got a twitching glass ring
 17958 | D:13     | Found a gate to the Vaults.
 17958 | D:13     | Noticed a vault guard
 17979 | D:13     | Killed a vault guard
 18042 | D:13     | Identified the ring "Jov Pizinu" {rF+ Str+9 Stlth+} (You took it off a meliai on level 13 of the Dungeon)
 18079 | D:14     | Learned a level 5 spell: Summon Mana Viper
 18406 | D:14     | Reached skill level 1 in Summonings
 18936 | D:14     | Noticed a centaur warrior
 18950 | D:14     | Killed a centaur warrior
 19045 | D:15     | Entered Level 15 of the Dungeon
 19051 | D:15     | Reached XP level 14. HP: 105/108 MP: 20/26
 19114 | D:15     | Found Zumegheg's Distillery.
 19128 | D:15     | Bought 2 potions of flight for 96 gold pieces
 19171 | D:15     | Found a sacrificial altar of Ru.
 19249 | D:15     | Found a labyrinth entrance.
 19255 | D:15     | Found Qurhyu Ugee's Food Shop.
 19265 | Lab      | Entered a labyrinth
 19622 | Lab      | Got a pair of scorched boots
 19622 | Lab      | Got a shadowed robe
 19722 | Lab      | Identified the cursed +0 pair of boots of the Vacuum {rElec rF- rCorr Int-2} (You found it in a labyrinth)
 19732 | Lab      | Identified the cursed +1 robe of Space {rF+ Int+2} (You found it in a labyrinth)
 19913 | Lab      | Found an exit through the horrors of the Abyss.
 20059 | Lab      | Received a gift from Sif Muna
 20552 | Lair:1   | Entered Level 1 of the Lair of Beasts
 20789 | Lair:1   | Reached skill level 17 in Hexes
 20878 | Lair:1   | Noticed humperndinck's ghost (novice DrVM)
 20894 | Lair:1   | Killed humperndinck's ghost
 21876 | Lair:2   | Reached skill level 5 in Summonings
 22185 | Lair:2   | Found a staircase to the Shoals.
 22596 | Lair:2   | Got a transparent morningstar
 22634 | Lair:2   | Identified the +4 morningstar "Quphadgh" {distort, Str+3} (You found it on level 2 of the Lair of Beasts)
 22943 | Lair:3   | Found a hole to the Spider Nest.
 22944 | Lair:3   | Noticed Gastronok
 23061 | Lair:3   | Banished Gastronok
 23061 | Lair:3   | Reached skill level 1 in Shields
 23061 | Lair:3   | Reached skill level 10 in Spellcasting
 24465 | Lair:4   | Identified Aquedur's Almanac of Fetching Orientation (Sif Muna gifted it to you on level 4 of the Lair of Beasts)
 24465 | Lair:4   | Received a gift from Sif Muna
 24475 | Lair:4   | Learned a level 6 spell: Invisibility
 24654 | Lair:3   | HP: 5/108 [something (38)]
 24867 | Lair:4   | Reached skill level 1 in Evocations
 24997 | Lair:5   | Reached XP level 15. HP: 103/113 MP: 24/29
 26180 | D:15     | Found Diehio's Antique Weapon Boutique.
 26213 | D:15     | Reached skill level 18 in Hexes
 26229 | D:15     | Found Dafen's Armour Emporium.
 26476 | D:15     | Reached skill level 5 in Shields
 26700 | D:15     | Noticed Louise
 27068 | Lair:5   | Found a staircase to the Slime Pits.
 28427 | Lair:6   | Entered Level 6 of the Lair of Beasts
 29102 | Lair:5   | HP: 4/113 [seven-headed hydra (4)]
 29102 | Lair:5   | Mangled by a seven-headed hydra

Skill      XL: |  1  2  3  4  5  6  7  8  9 10 11 12 13 14 15 |
---------------+----------------------------------------------+-----
Fighting       | 1 2 3 4 5 6 7 8 9 |  9.0
Dodging        | 2 3 4 5 6 |  6.0
Armour         | 2 3 4 5 6 7 8 |  8.0
Stealth        | 4 5 6 7 9 |  9.0
Hexes          | 4 7 8 12 14 16 17 18 | 18.0
Spellcasting   | 3 4 5 6 7 8 10 12 | 12.0
Air Magic      | 5 6 |  6.0
Summonings     | 2 5 |  5.0
Shields        | 3 8 |  8.9
Evocations     | 1 3 |  3.0
Short Blades   | |  1.0

Action                   |  1- 3 |  4- 6 |  7- 9 | 10-12 | 13-15 || total
-------------------------+-------+-------+-------+-------+-------++-------
Melee: Mace              |   147 |    27 |       |   186 |       ||   360
       Dagger            |       |   214 |   352 |   318 |       ||   884
       Falchion          |       |    17 |   124 |   104 |       ||   245
       Hand axe          |       |       |       |     3 |       ||     3
       Trident           |       |       |       |   431 |       ||   431
       Great sword       |       |       |       |    76 |   432 ||   508
       Scythe            |       |       |       |    14 |   337 ||   351
       Morningstar       |       |       |       |       |   118 ||   118
 Fire: Shortbow          |       |       |    99 |   117 |     5 ||   221
 Cast: Corona            |    14 |    28 |    83 |    83 |    99 ||   307
       Confuse           |       |       |    26 |   155 |   241 ||   422
       Summon Mana Viper |       |       |       |       |     3 ||     3
       Invisibility      |       |       |       |       |     5 ||     5
 Abil: Dig               |       |     8 |    16 |    32 |    52 ||   108
       Evoke Flight      |       |       |       |       |     1 ||     1
  Use: Scroll            |       |       |       |     7 |     5 ||    12
 Stab: Sleeping          |     2 |     3 |     1 |     8 |    18 ||    32
       Distracted        |       |     1 |       |     2 |     1 ||     4
       Confused          |       |       |     6 |    72 |    67 ||   145
       Invisible         |       |       |       |       |     8 ||     8
  Eat: Chunk             |     2 |     9 |    17 |    43 |    45 ||   116
       Ration            |       |       |       |       |     2 ||     2
Armor: Leather armour    |    55 |     3 |       |       |       ||    58
       Robe              |     3 |       |       |       |       ||     3
       Ring mail         |       |    73 |   138 |   100 |       ||   311
       Scale mail        |       |       |       |    57 |     4 ||    61
       Troll leather arm |       |       |       |   120 |   220 ||   340
Dodge: Dodged            |   135 |   230 |   318 |   773 |   739 ||  2195
Block: Buckler           |       |       |       |       |   102 ||   102
       Rpst.: Falchion   |       |     1 |    27 |    14 |       ||    42
       Great sword       |       |       |       |    18 |   105 ||   123
